 Dungeon Crawl Stone Soup version 0.29-a0-1043-g569b05d6ff (webtiles) character file.

Game seed: 17164459577748102768

11721 KleinerIrrer the Marksspriggan (level 11, -1/47 HPs)
             Began as a Spriggan Hunter on Aug 16, 2022.
             Was an Elder of Hepliaklqana.
             Killed from afar by an oklob plant (32 damage)
             ... with a splash of acid
             ... on level 1 of the Lair of Beasts.
             The game lasted 00:29:49 (12833 turns).

KleinerIrrer the Marksspriggan (Spriggan Hunter)   Turns: 12833, Time: 00:29:50

Health: -1/47      AC:  5    Str:  7    XL:     11   Next: 53%
Magic:  10/12      EV: 27    Int: 11    God:    Hepliaklqana [****..]
Gold:   435        SH:  0    Dex: 23    Spells: 10/10 levels left

rFire   . . .      SeeInvis +   a - +1 shortbow
rCold   + . .      Faith    .   (shield currently unavailable)
rNeg    . . .      Spirit   .   G - +1 robe {Will+}
rPois   .          Reflect  .   (helmet restricted)
rElec   .          Harm     .   O - +1 cloak
rCorr   .          Rampage  .   (gloves unavailable)
Will    ++...                   (boots unavailable)
Stlth   ++........              (no amulet)
HPRegen 0.15/turn               F - ring of protection from cold
MPRegen 0.13/turn               (no ring)

@: very quick
A: reduced essence, very small, no large weapons, unfitting armour, see
invisible, speed 3
a: Renounce Religion, Recall Ancestor, Ancestor Identity, Transference, Idealise


You were on level 1 of the Lair of Beasts.
You worshipped Hepliaklqana.
Hepliaklqana was greatly pleased with you.
You visited 3 branches of the dungeon, and saw 12 of its levels.
You also visited: Sewer and Ossuary.

You collected 505 gold pieces.
You spent 70 gold pieces at shops.

Inventory:

Hand Weapons
 a - a +1 shortbow (weapon)
 K - the +5 demon whip "Spellbinder" {antimagic, Will+}
   (You found it on level 7 of the Dungeon)

   It reduces the magical energy of the wielder, and disrupts the spells and
   magical abilities of those it strikes.
   Natural abilities and divine invocations are not affected.
   It unleashes wild and unpredictable magical effects upon striking a wizard or
   a creature with magical abilities.
   Will:      It increases your willpower.
Missiles
 s - 5 throwing nets
Armour
 G - a +1 robe of willpower (worn)
 O - a +1 cloak (worn)
Jewellery
 m - a ring of fire
 F - a ring of protection from cold (left hand)
Wands
 n - a wand of flame (37)
 z - a wand of paralysis (5)
 H - a wand of quicksilver (7)
 I - a wand of digging (5)
 J - a wand of roots (12)
Scrolls
 b - 3 scrolls of immolation
 c - a scroll of acquirement {unknown}
 f - 2 scrolls of magic mapping {unknown}
 g - 2 scrolls of vulnerability
 l - 5 scrolls of blinking
 p - 2 scrolls of poison {unknown}
 r - a scroll of fear {unknown}
 u - a scroll of enchant weapon
 v - 3 scrolls of fog
 y - a scroll of torment
 A - 5 scrolls of teleportation
 E - 2 scrolls of noise {unknown}
 L - 4 scrolls of identify
 M - a scroll of summoning {unknown}
Potions
 d - 6 potions of curing
 e - 3 potions of flight
 h - 8 potions of brilliance
 i - 4 potions of heal wounds
 j - 3 potions of ambrosia
 k - 2 potions of resistance
 o - a potion of attraction
 q - a potion of mutation
 t - 3 potions of cancellation
 w - a potion of degeneration {unknown}
 x - 3 potions of lignification
 B - 2 potions of might
 C - 3 potions of invisibility
 D - 2 potions of magic {unknown}
 N - a potion of berserk rage {unknown}


   Skills:
 - Level 3.8 Fighting
 + Level 16.4 Ranged Weapons
 * Level 10.4 Dodging
 - Level 1.5 Stealth


You had 10 spell levels left.
You didn't know any spells.
Your spell library contained the following spells:

 Spells                   Type           Power      Damage    Failure   Level
 Necrotise                Necr           0%         1d4       34%         1
 Ensorcelled Hibernation  Hex/Ice        0%         N/A       47%         2
 Passwall                 Tmut/Erth      0%         N/A       47%         2
 Sublimation of Blood     Necr           0%         N/A       47%         2
 Gell's Gravitas          Tloc           0%         N/A       71%         3
 Lesser Beckoning         Tloc           0%         N/A       71%         3
 Portal Projectile        Hex/Tloc       0%         N/A       71%         3
 Swiftness                Air            0%         N/A       71%         3
 Teleport Other           Tloc           0%         N/A       71%         3
 Tukima's Dance           Hex            0%         N/A       71%         3
 Anguish                  Hex/Necr       0%         N/A       98%         4
 Animate Dead             Necr           0%         N/A       98%         4
 Olgreb's Toxic Radiance  Pois           0%         N/A       98%         4
 Petrify                  Tmut/Erth      0%         N/A       98%         4
 Blade Hands              Tmut           0%         N/A       100%        5
 Borgnjor's Vile Clutch   Necr/Erth      0%         N/A       100%        5
 Irradiate                Conj/Tmut      0%         3d11      100%        5
 Iskenderun's Battlesphe  Conj           0%         2d6       100%        5
 Death Channel            Necr           0%         N/A       100%        6
 Iron Shot                Conj/Erth      0%         9d1       100%        6
 Ozocubu's Refrigeration  Ice            0%         4d7       100%        7
 Spellforged Servitor     Conj/Summ      0%         N/A       100%        7
 Ignition                 Fire           0%         3d3       100%        8


Dungeon Overview and Level Annotations

Branches:
Dungeon (10/15)            Temple (1/1) D:5            Lair (1/5) D:10
    Orc (0/2) D:9           Sewer (visited)         Ossuary (visited)

Altars:
Ashenzari
Cheibriados
Dithmenos
Elyvilon
Fedhas
Gozag
Hepliaklqana
Kikubaaqudgha
Makhleb
Nemelex Xobeh
Okawaru
Qazlal
Ru
Sif Muna
Trog
Uskayaw
Vehumet
Wu Jian
Xom
Yredelemnul
Zin
The Shining One

Shops:
D:4 ?

Annotations:
Lair:1 exclusion: oklob plant


Innate Abilities, Weirdness & Mutations

Your life essence is reduced to manifest your ancestor. (-10% HP)
You are very small and have problems with some larger weapons.
You are too small for most types of armour.
You have supernaturally acute eyesight. (SInv)
You cover ground extremely quickly. (Speed+++)


Message History

You shoot an arrow.
The arrow hits the oklob plant but does no damage.
The oklob plant is almost destroyed.
The oklob plant spits acid at you. The splash of acid misses you.
You shoot an arrow. The arrow hits the oklob plant.
The oklob plant is almost destroyed.
You shoot an arrow. The arrow hits the oklob plant!
You destroy the oklob plant!
An oklob plant comes into view.
The oklob plant spits acid at you. The splash of acid misses you.
Marking area around an oklob plant as unsafe for travelling.
You shoot an arrow. The arrow hits the oklob plant.
The oklob plant is lightly damaged.
You shoot an arrow. The arrow hits the oklob plant.
The oklob plant is lightly damaged.
You shoot an arrow.
The arrow hits the oklob plant but does no damage.
The oklob plant is lightly damaged.
The oklob plant spits acid at you. The splash of acid misses you.
You shoot an arrow. The arrow hits the oklob plant!
The oklob plant is moderately damaged.
You shoot an arrow. The arrow hits the oklob plant.
The oklob plant is moderately damaged.
You shoot an arrow.
The arrow hits the oklob plant but does no damage.
The oklob plant is moderately damaged.
The oklob plant spits acid at you. The splash of acid hits you!
You shoot an arrow.
The arrow hits the oklob plant but does no damage.
The oklob plant is moderately damaged.
You shoot an arrow. The arrow hits the oklob plant!
The oklob plant is heavily damaged.
The oklob plant spits acid at you. The splash of acid hits you!!
Ouch! That really hurt!
You die...

##...#.....# #...
##..♣♣♣♣♣.♣ #..#
##♣♣.♣..♣♣ ##.#
♣.♣♣♣♣ #†#
♣.♣.♣.♣♣♣...# ###.#
♣♣♣♣.♣.♣#...####.#.#
♣ ♣♣♣.♣♣P...##......
♣P♣..♣♣ #....##.####
♣[$@♣♣ ♣...##..# #
♣$_$♣ #.....#.# ##
♣♣$$$ ♣.....#.###†
♣♣♣♣♣ #...........
##.P##...P..
#.P##...#..
#.##.......
#.##..#.#.#
##..........


You could see an oklob plant.

Vanquished Creatures
  2 hydras (Lair:1)
  Harold (D:9)
  A two-headed ogre (D:9)
  An oklob plant (Lair:1)
  A komodo dragon (Lair:1)
  2 rime drakes (Lair:1)
  A troll (D:9)
  A wraith (D:10)
  8 yaks
  Duvessa (D:7)
  A water moccasin (Lair:1)
  An ice beast (D:6)
  4 orc warriors
  A black bear (Lair:1)
  2 ogres (D:9)
  2 centaurs
  A phantom (D:5)
  3 kobold brigands
  2 bullfrogs
  2 necrophages
  4 gnoll sergeants (D:9)
  A scorpion (D:5)
  10 killer bees
  2 howler monkeys
  3 jellies
  A gnoll bouda (D:4)
  Crazy Yiuf (D:3)
  4 orc priests
  2 hounds
  3 iguanas
  Terence (D:3)
  8 orc wizards
  2 mummies
  11 gnolls
  8 adders
  3 river rats
  3 shadow imps
  A white imp (D:7)
  An ufetubus (D:5)
  A worm (D:5)
  6 dart slugs
  31 orcs
  6 endoplasms
  4 giant cockroaches
  10 gnoll zombies (Ossuary)
  8 goblins
  6 hobgoblins
  2 jackals (Sewer)
  3 quokkas
  6 ball pythons
  8 bats
  A bat simulacrum (Ossuary)
  5 frilled lizards
  A goblin simulacrum (Ossuary)
  4 goblin zombies
  2 hobgoblin zombies (Ossuary)
  24 kobolds
  3 kobold simulacra (Ossuary)
  7 kobold zombies
  6 orc zombies (Ossuary)
  10 rats
  3 rat simulacra (Ossuary)
  3 spectral kobolds (Ossuary)
  3 spectral rats (Ossuary)
270 creatures vanquished.

Vanquished Creatures (collateral kills)
  A catoblepas (Lair:1)
  6 yaks
  A steam dragon (D:8)
  2 wargs (D:10)
  A water moccasin (D:8)
  An orc warrior (D:10)
  An ice beast (D:8)
  A sky beast (D:8)
  An ogre (D:7)
  A centaur (D:7)
  A kobold brigand (D:10)
  A gnoll sergeant (D:9)
  Dowan (D:7)
  8 killer bees
  4 orc priests
  A gnoll bouda (D:8)
  An iguana (D:7)
  4 orc wizards
  A gnoll (D:8)
  4 orcs
  A spectral bat (Ossuary)
  2 gnoll zombies (Ossuary)
  A bat simulacrum (Ossuary)
  A kobold zombie (Ossuary)
  A rat simulacrum (Ossuary)
  A spectral goblin (Ossuary)
  A spectral kobold (Ossuary)
50 creatures vanquished.

Vanquished Creatures (others)
  3 knights
3 creatures vanquished.

Grand Total: 323 creatures vanquished

Notes
Turn   | Place    | Note
-------+----------+-------------------------------------------
     0 | D:1      | KleinerIrrer the Spriggan Hunter began the quest for the
                  | Orb.
     0 | D:1      | Reached XP level 1. HP: 10/10 MP: 2/2
    22 | D:1      | Reached XP level 2. HP: 13/14 MP: 3/3
   121 | D:1      | Reached skill level 5 in Ranged Weapons
   121 | D:1      | Reached XP level 3. HP: 18/18 MP: 4/4
   363 | D:1      | Found a faded altar of an unknown god.
   370 | D:1      | Prayed at the altar of an unknown god.
   370 | D:1      | Became a worshipper of Kikubaaqudgha
   370 | D:1      | Reached * piety under Kikubaaqudgha
   370 | D:1      | Received a gift from Kikubaaqudgha
   410 | D:2      | Fell from the grace of Kikubaaqudgha
   751 | D:2      | Reached XP level 4. HP: 22/22 MP: 5/5
   861 | D:3      | Found a runed translucent door.
   862 | D:3      | Noticed Crazy Yiuf
   954 | D:3      | Killed Crazy Yiuf
   955 | D:3      | Reached skill level 6 in Ranged Weapons
  1027 | D:3      | Noticed Terence
  1047 | D:3      | Killed Terence
  1048 | D:3      | Reached XP level 5. HP: 15/25 MP: 6/6
  1676 | D:3      | Found a bloodstained altar of Trog.
  1882 | D:3      | Found a sacrificial altar of Ru.
  1884 | D:3      | Found a broken altar of Ashenzari.
  1884 | D:3      | Found a stormy altar of Qazlal.
  1886 | D:3      | Found a shimmering altar of Xom.
  1886 | D:3      | Found an iron altar of Okawaru.
  1886 | D:3      | Found a radiant altar of Vehumet.
  1963 | D:3      | Found a shimmering blue altar of Sif Muna.
  2103 | D:3      | You fall into a shaft and drop 1 floor!
  2147 | D:4      | Reached skill level 7 in Ranged Weapons
  2416 | D:4      | Found Buuta's Magic Scroll Shoppe.
  2547 | D:4      | Reached XP level 6. HP: 30/30 MP: 7/7
  2997 | D:4      | Bought a scroll of identify for 20 gold pieces
  2997 | D:4      | Bought a scroll of identify for 20 gold pieces
  2997 | D:4      | Bought a scroll of teleportation for 30 gold pieces
  3047 | D:5      | Entered Level 5 of the Dungeon
  3230 | D:5      | Reached skill level 8 in Ranged Weapons
  3283 | D:5      | Found a glowing drain.
  3287 | Sewer    | Entered a sewer
  3468 | Sewer    | Reached XP level 7. HP: 33/33 MP: 8/8
  3486 | Sewer    | Found a white marble altar of Elyvilon.
  3879 | D:5      | Reached skill level 9 in Ranged Weapons
  4122 | D:5      | Found a staircase to the Ecumenical Temple.
  4134 | Temple   | Entered the Ecumenical Temple
  4182 | Temple   | Became a worshipper of Hepliaklqana the Forgotten
  4690 | D:6      | Found an iron altar of Okawaru.
  4693 | D:6      | Found a snail-covered altar of Cheibriados.
  4698 | D:6      | Found a radiant altar of Vehumet.
  4866 | D:5      | Reached XP level 8. HP: 35/39 MP: 9/9
  5861 | D:6      | Reached skill level 10 in Ranged Weapons
  5861 | D:6      | Reached skill level 5 in Dodging
  6157 | D:6      | Reached * piety under Hepliaklqana
  6257 | D:6      | Found a white marble altar of Elyvilon.
  6679 | D:7      | Found a broken altar of Ashenzari.
  6756 | D:7      | Reached ** piety under Hepliaklqana
  6760 | D:7      | Found the +5 demon whip "Spellbinder" {antimagic, Will+}
  6765 | D:7      | Noticed Duvessa
  6765 | D:7      | Noticed Dowan
  6769 | D:7      | Remembered your ancestor Sosibius as a knight
  6789 | D:7      | Killed Duvessa
  6791 | D:7      | Killed Dowan
  7322 | D:7      | Reached skill level 11 in Ranged Weapons
  7752 | D:8      | Reached XP level 9. HP: 21/39 MP: 10/10
  7818 | D:8      | Was forgiven by Kikubaaqudgha
  8088 | D:8      | Found a sand-covered staircase.
  8100 | Ossuary  | Entered an ossuary
  8704 | D:8      | Reached skill level 12 in Ranged Weapons
  9233 | D:9      | Reached skill level 13 in Ranged Weapons
  9247 | D:9      | Reached XP level 10. HP: 36/44 MP: 11/11
  9978 | D:9      | Found a staircase to the Orcish Mines.
 10036 | D:9      | Reached skill level 14 in Ranged Weapons
 10372 | D:9      | Noticed a two-headed ogre
 10379 | D:9      | Killed a two-headed ogre
 10612 | D:9      | Reached *** piety under Hepliaklqana
 10731 | D:9      | Noticed Harold
 10754 | D:9      | Killed Harold
 10755 | D:9      | Reached skill level 15 in Ranged Weapons
 11005 | D:10     | Entered Level 10 of the Dungeon
 11117 | D:10     | Found a hide-covered altar of Uskayaw.
 11134 | D:10     | Found a glowing silver altar of Zin.
 11186 | D:10     | Reached XP level 11. HP: 35/47 MP: 10/12
 11278 | D:10     | Found a staircase to the Lair.
 12177 | Lair:1   | Entered Level 1 of the Lair of Beasts
 12177 | Lair:1   | Reached **** piety under Hepliaklqana
 12301 | Lair:1   | Noticed a catoblepas
 12317 | Lair:1   | Killed a catoblepas
 12326 | Lair:1   | Reached skill level 10 in Dodging
 12445 | Lair:1   | Noticed a four-headed hydra
 12446 | Lair:1   | Noticed a six-headed hydra
 12464 | Lair:1   | Killed a four-headed hydra
 12467 | Lair:1   | Reached skill level 16 in Ranged Weapons
 12499 | Lair:1   | Killed a six-headed hydra
 12805 | Lair:1   | Found a blossoming altar of Fedhas.
 12808 | Lair:1   | Noticed an oklob plant
 12824 | Lair:1   | Killed an oklob plant
 12825 | Lair:1   | Noticed an oklob plant
 12833 | Lair:1   | Killed from afar by an oklob plant

Illustrated notes

Levels and vault maps discovered:
D:1:      ncdulo_watergridlock, layout_rooms,
          dreamdust_ecumenical_altar_hidden_monk_grotto
D:2:      layout_rooms
D:3:      layout_rooms, doesnt_xom_only_xom, nicolae_overflow_crystal_walls,
          trog_hazing_becter, uniq_crazy_yiuf_cottage, uniq_terence
D:4:      layout_loops_corners, serial_shops, nicolae_shop_waterfront,
          minmay_ogre_servants
D:5:      layout_cave_pools, temple_green, gup_sewer_entry_spiral
D:6:      layout_cave_pools, grunt_temple_overflow_diamond,
          mainiacjoe_overflow_tiny_flanked, dreamdust_princess_corridor,
          corexii_checkpoint_a
D:7:      layout_gridville, kennysheep_mini_moat, grunt_ministairs_7,
          uniq_duvessa
D:8:      layout_rooms, nicolae_ossuary_entry_giza, minivault_19
D:9:      layout_stronghold, kennysheep_orc_monster_closet_entryway, uniq_harold
D:10:     layout_grid_maze, mainiacjoe_overflow_concentric_impassable,
          mainiacjoe_overflow_boulevard, erik_lair_orcish_takeover
Temple:   nicolae_temple_godzebo
Lair:1:   layout_misc_corridors, hangedman_tree_tricks, grunt_megastairs_2

Skill      XL: |  1  2  3  4  5  6  7  8  9 10 11 |
---------------+----------------------------------+-----
Ranged Weapons | 5 6 7 8 9 11 13 15 16 | 16.4
Dodging        | 3 4 6 8 9 10 | 10.4
Fighting       | 2 3 |  3.8
Stealth        | |  1.5

Action                   |  1- 3 |  4- 6 |  7- 9 | 10-12 || total
-------------------------+-------+-------+-------+-------++-------
 Fire: Shortbow          |    99 |   234 |   447 |   347 ||  1127
Invok: Renounce Religion |     1 |       |       |       ||     1
       Recall Ancestor   |       |       |     7 |     8 ||    15
       Ancestor Life: Kn |       |       |     1 |       ||     1
       Ancestor Identity |       |       |     1 |       ||     1
  Use: Scroll            |       |    10 |     6 |       ||    16
       Potion            |       |       |     2 |       ||     2
Armor: Robe              |     5 |    14 |    15 |     2 ||    36
Dodge: Dodged            |    25 |    86 |   182 |    81 ||   374

Table legend: (Time is in decaauts)
 A = Elapsed time spent in this place.
 B = Non-inter-level travel time spent in this place.
 C = Inter-level travel time spent in this place.
 D = Time resting spent in this place.
 E = Time spent auto-exploring this place.
 F = Levels seen in this place.
 G = Mean time per level.
                   A        B        C        D        E       F      G
               +--------+--------+--------+--------+--------+-----+--------+
         Total |  10069 |   9630 |    439 |   1696 |   5990 |  14 |  719.2 |
       Dungeon |   8961 |   8540 |    421 |   1596 |   5404 |  10 |  896.1 |
        Temple |     48 |     31 |     17 |      0 |      0 |   1 |   48.0 |
          Lair |    509 |    509 |      0 |      0 |    401 |   1 |  509.0 |
         Sewer |    292 |    292 |      0 |    100 |     75 |   1 |  292.0 |
       Ossuary |    258 |    258 |      0 |      0 |    109 |   1 |  258.0 |
               +--------+--------+--------+--------+--------+-----+--------+

Top non-repeatable levels by time:
     D:5: 1808 daAuts
     D:9: 1508 daAuts
     D:7: 1161 daAuts
    D:10: 798 daAuts
     D:3: 774 daAuts
     D:8: 709 daAuts
     D:4: 670 daAuts
     D:6: 622 daAuts
     D:2: 571 daAuts
  Lair:1: 509 daAuts
     D:1: 336 daAuts
   Sewer: 292 daAuts
 Ossuary: 258 daAuts
  Temple: 48 daAuts
